 Dungeon Crawl Stone Soup version 0.24-a0-291-g79c1ce7 (webtiles) character file.

Game seed: 17599746566196688280

59328 MisterFreud the Carver (level 14, -8/99 HPs)
             Began as an Octopode Fighter on May 8, 2019.
             Was the Champion of Cheibriados.
             Mangled by a wolf spider (23 damage)
             ... on level 11 of the Dungeon on May 9, 2019.
             The game lasted 00:50:54 (20799 turns).

MisterFreud the Carver (Octopode Fighter)          Turns: 20799, Time: 00:50:54

Health: -8/99      AC:  4    Str: 36    XL:     14   Next: 94%
Magic:  20/20      EV: 23    Int: 37    God:    Cheibriados [******]
Gold:   1620       SH: 17    Dex: 27    Spells: 13/13 levels left

rFire    + . .     SeeInvis .   a - +3 scimitar
rCold    . . .     Gourm    .   F - +1 shield
rNeg     . . .     Faith    .   (helmet restricted)
rPois    +         Spirit   .   (no amulet)
rElec    .         Reflect  .   r - +4 ring of intelligence
rCorr    +         Harm     .   i - ring of poison resistance
MR       +....                  u - +4 ring of intelligence
Stlth    +++++.....             B - ring of protection from fire
HPRegen  0.26/turn              E - +5 ring of slaying
MPRegen  0.17/turn              S - ring of resist corrosion
                                I - ring of flight
                                V - +3 ring of protection

@: mighty, very slightly contaminated, studying Slings, very slow
A: almost no armour, stealthy swim, amphibious, 8 rings, constrict 8, camouflage
1, gelatinous body 1
a: Bend Time, Temporal Distortion, Slouch, Step From Time, Renounce Religion,
Evoke Flight


You were on level 11 of the Dungeon.
You worshipped Cheibriados.
Cheibriados was exalted by your worship.
You were not hungry.

You visited 3 branches of the dungeon, and saw 18 of its levels.
You also visited: Sewer.

You collected 1701 gold pieces.
You spent 81 gold pieces at shops.

Inventory:

Hand Weapons
 a - a +3 scimitar (weapon)
 b - the +1 hunting sling "Aczusoic" {venom, rPois rC++ Dex+3}
   (You found it on level 7 of the Dungeon)

   It poisons the ammo it fires.
   It affects your dexterity (+3).
   It greatly protects you from cold.
   It protects you from poison.
Missiles
 e - 572 stones (quivered)
 h - 184 sling bullets
 K - a throwing net
Armour
 F - a +1 shield (worn)
 W - a +0 large shield
Jewellery
 i - a ring of poison resistance (right tentacle)
 r - a +4 ring of intelligence (left tentacle)
 u - a +4 ring of intelligence (on tentacle)
 B - a ring of protection from fire (on tentacle)
 C - an uncursed ring of fire
 E - a +5 ring of slaying (on tentacle)
 I - a ring of flight (on tentacle)
 M - an uncursed ring of ice
 S - a ring of resist corrosion (on tentacle)
 V - a +3 ring of protection (on tentacle)
Wands
 y - a wand of paralysis (16)
 G - a wand of iceblast (10)
 L - a wand of digging (19)
 Q - a wand of acid (3)
 X - a wand of scattershot (3)
Scrolls
 f - 3 scrolls of fog
 g - 8 scrolls of remove curse
 m - 3 scrolls of immolation
 o - 8 scrolls of teleportation
 w - a scroll of amnesia
 x - 2 scrolls of identify
 z - 2 scrolls of enchant armour
 H - a scroll of torment
 P - 2 scrolls of blinking
 Y - 2 scrolls of magic mapping
Potions
 c - a potion of cancellation
 j - a potion of resistance
 l - 3 potions of brilliance
 n - 2 potions of ambrosia
 p - 7 potions of flight
 q - 3 potions of lignification
 s - 4 potions of mutation
 t - 2 potions of magic
 v - 9 potions of curing
 D - 2 potions of invisibility
 U - a potion of agility
Books
 N - a manual of Slings
Comestibles
 d - 40 rations
 k - 8 chunks of flesh


   Skills:
 - Level 10.0 Fighting
 - Level 14.0 Long Blades
 + Level 10.7 Slings
 + Level 9.8 Dodging
 - Level 6.0 Stealth
 + Level 12.3 Shields
 - Level 8.0 Invocations
 - Level 6.0 Evocations


You had 13 spell levels left.
You didn't know any spells.
Your spell library contained the following spells:

 Spells                   Type           Power        Failure   Level  Hunger
 Animate Skeleton         Necr           N/A          9%          1    ##.....
 Apportation              Tloc           #.....       9%          1    ##.....
 Confusing Touch          Hex            #.....       9%          1    ##.....
 Corona                   Hex            #......      9%          1    ##.....
 Flame Tongue             Conj/Fire      #....        9%          1    ##.....
 Infusion                 Chrm           #...         9%          1    ##.....
 Sting                    Conj/Pois      #...         9%          1    ##.....
 Summon Butterflies       Summ           #.......     9%          1    ##.....
 Summon Small Mammal      Summ           #...         9%          1    ##.....
 Poisonous Vapours        Pois/Air       #.....       13%         2    ###....
 Shroud of Golubria       Chrm/Tloc      #.........   13%         2    ###....
 Slow                     Hex            #.......     13%         2    ###....
 Song of Slaying          Chrm           #.......     13%         2    ###....
 Throw Flame              Conj/Fire      #.....       13%         2    ###....
 Confuse                  Hex            #.......     26%         3    ####...
 Conjure Flame            Conj/Fire      #.......     26%         3    ####...
 Gell's Gravitas          Tloc           #.........   26%         3    ####...
 Inner Flame              Hex/Fire       #.......     26%         3    ####...
 Lesser Beckoning         Tloc           #.........   26%         3    ####...
 Mephitic Cloud           Conj/Pois/Air  #.......     26%         3    ####...
 Portal Projectile        Hex/Tloc       #.....       26%         3    ####...
 Regeneration             Chrm/Necr      #.........   26%         3    ####...
 Spectral Weapon          Hex/Chrm       #.......     26%         3    ####...
 Tukima's Dance           Hex            #.......     26%         3    ####...
 Cause Fear               Hex            #.........   63%         4    #####..
 Leda's Liquefaction      Hex/Erth       #.........   63%         4    #####..
 Olgreb's Toxic Radiance  Pois           #.......     63%         4    #####..
 Petrify                  Tmut/Erth      #.......     63%         4    #####..
 Sticky Flame             Conj/Fire      #.......     63%         4    #####..
 Alistair's Intoxication  Tmut/Pois      #.......     93%         5    ######.
 Fireball                 Conj/Fire      #.........   93%         5    ######.
 Metabolic Englaciation   Hex/Ice        #.........   93%         5    ######.
 Silence                  Hex/Air        #.........   93%         5    ######.
 Venom Bolt               Conj/Pois      #.........   93%         5    ######.
 Yara's Violent Unravell  Hex/Tmut       #.........   93%         5    ######.
 Deflect Missiles         Chrm/Air       #.........   100%        6    #######
 Invisibility             Hex            #.......     100%        6    #######
 Discord                  Hex            #.........   100%        8    #######


Dungeon Overview and Level Annotations

Branches:
Dungeon (11/15)            Temple (1/1) D:7            Lair (6/6) D:10
 Shoals (0/4) Lair:2       Spider (0/4) Lair:2        Slime (0/5) Lair:5
    Orc (0/2) D:10

Altars:
Ashenzari
Cheibriados
Dithmenos
Elyvilon
Fedhas
Gozag
Hepliaklqana
Kikubaaqudgha
Makhleb
Nemelex Xobeh
Okawaru
Qazlal
Ru
Sif Muna
Trog
Uskayaw
Vehumet
Wu Jian
Xom
Yredelemnul
Zin
The Shining One

Shops:
D:7 **   D:8 *

Annotations:
D:7 3 runed translucent doors, confidenceinterval's ghost, novice HOFi
Lair:1 2 transporters, exclusion: oklob plant, Ds27's ghost, novice DsGl
Lair:2 2 transporters


Innate Abilities, Weirdness & Mutations

You cannot wear most types of armour.
You are very stealthy in the water. (Stealth+)
You are amphibious.
You can wear up to eight rings at the same time.
You can use your tentacles to constrict eight enemies at once.
Your skin changes colour to match your surroundings (Stealth+).
Your rubbery body absorbs attacks. (AC +1, EV +1)


Message History

You slice the troll!! You squeeze the troll.
You kill the troll!
Cheibriados appreciates the change of pace.
The cyclops throws a large rock.
The large rock hits you!!
* * * LOW HITPOINT WARNING * * *
You feel much better.
You barely miss the wolf spider. Your grab misses the wolf spider.
The wolf spider hits you!!
* * * LOW HITPOINT WARNING * * *
The wolf spider completely misses you.
A red ugly thing comes into view.
Blink to where?
Press: ? - help, Dir - move target cursor You are very lightly contaminated with residual magic.
As you read the scroll of blinking, it crumbles to dust.
As you read the scroll of teleportation, it crumbles to dust.
You feel strangely unstable.
Your surroundings seem slightly different.
The wolf spider hits you!!
You die...

#.# #≈≈≈≈≈##
##.#########≈≈≈.#≈
#.......... .≈#.≈≈
#....#####. .#≈≈≈ #
#....# .#.≈≈ #. #....#
## #.#≈ #..####.#.##≈##
#.## #...§...#.#≈≈≈#.
#.## #.###.@...≈≈≈≈≈.
#.# ###s#≈≈≈≈≈≈. ##.##
#.#.≈≈≈≈≈. #...>
...###.#..≈≈≈#####..##
...........#≈###......#
###.####.###.###.#≈#.##
#C........≈≈≈.#
#u#######≈≈≈≈≈# #)#
#.≈≈≈.#


You could see a red ugly thing, a wolf spider and a cyclops.

Vanquished Creatures
  A stone giant (D:11)
  An ettin (D:11)
  Fannar (Lair:1)
  5 hydras
  A death knight (D:11)
  8 death yaks
  3 two-headed ogres (D:10)
  Urug (Lair:1)
  2 wolf spiders (Lair:6)
  A manticore (Lair:2)
  A guardian serpent (Lair:6)
  8 black mambas
  9 elephants
  A torpor snail (Lair:2)
  13 spiny frogs
  3 rime drakes
  2 komodo dragons (Lair:6)
  A merfolk (D:10)
  2 polar bears (Lair:6)
  2 trolls (D:11)
  A jumping spider (Lair:2)
  Prince Ribbit (Lair:1)
  2 hornets (Lair:6)
  4 dream sheep (Lair:5)
  20 blink frogs
  8 hippogriffs
  7 redbacks
  55 yaks
  A water elemental (D:11)
  12 wyverns
  6 hogs
  A human (D:7)
  A steam dragon (D:10)
  4 basilisks
  Menkaure (D:7)
  An acid dragon (D:11)
  24 water moccasins
  7 porcupines
  4 orc warriors
  8 black bears (D:10)
  4 phantoms
  2 sky beasts
  An eye of draining (D:11)
  5 ice beasts
  4 ogres
  2 necrophages
  2 centaurs
  12 crocodiles
  3 big kobolds
  A big kobold (shapeshifter) (D:11)
  Blork the orc (D:6)
  A gnoll sergeant (D:10)
  24 bullfrogs
  3 scorpions
  11 wights
  5 killer bees (D:9)
  12 electric eels
  3 crimson imps
  A centaur zombie (D:11)
  2 bullfrog zombies
  A quasit (D:8)
  16 jellies
  4 bullfrog skeletons
  2 centaur skeletons
  2 gnoll shamans (D:10)
  3 orc priests
  7 hounds
  11 orc wizards
  Jessica (D:3)
  Terence (D:3)
  An iguana (D:8)
  8 worker ants
  2 killer bee zombies
  2 hound zombies
  4 hound skeletons
  A worker ant zombie (D:8)
  13 adders
  5 gnolls
  A howler monkey skeleton (D:8)
  3 shadow imps
  An ooze (D:2)
  2 adder zombies
  2 worms
  2 dart slugs
  6 leopard geckos
  27 orcs
  A ball python (D:3)
  9 bats
  3 giant cockroaches
  8 goblins
  7 jackals
  11 kobolds
  5 quokkas
  A ball python zombie (D:5)
  4 frilled lizards
  A jackal skeleton (D:4)
  A leopard gecko zombie (D:9)
  A quokka skeleton (D:5)
  A quokka zombie (D:5)
  15 rats
529 creatures vanquished.

Vanquished Creatures (others)
  A bush (D:10)
  25 fungi (Lair:6)
  53 plants
  5 toadstools (D:7)
84 creatures vanquished.

Grand Total: 613 creatures vanquished

Notes
Turn   | Place    | Note
-------+----------+-------------------------------------------
     0 | D:1      | MisterFreud the Octopode Fighter began the quest for the
                  | Orb.
     0 | D:1      | Reached XP level 1. HP: 16/16 MP: 1/1
   184 | D:1      | Reached XP level 2. HP: 21/21 MP: 2/2
   313 | D:1      | Reached skill level 3 in Long Blades
   657 | D:1      | Reached XP level 3. HP: 26/26 MP: 3/3
   968 | D:2      | Found a hazy altar of Hepliaklqana.
   969 | D:2      | Found a shadowy altar of Dithmenos.
  1085 | D:2      | Reached skill level 4 in Long Blades
  1094 | D:2      | Reached XP level 4. HP: 19/31 MP: 4/4
  1271 | D:2      | You fall through a shaft!
  1489 | D:2      | Found a glowing silver altar of Zin.
  1489 | D:2      | Found an opulent altar of Gozag.
  1811 | D:3      | Noticed Terence
  1821 | D:3      | Killed Terence
  1821 | D:3      | Reached skill level 5 in Long Blades
  1822 | D:3      | Reached XP level 5. HP: 24/36 MP: 5/5
  1944 | D:3      | Noticed Jessica
  1948 | D:3      | Killed Jessica
  2117 | D:3      | Found a shattered altar of Ashenzari.
  2731 | D:4      | Reached skill level 6 in Long Blades
  3036 | D:4      | Reached XP level 6. HP: 42/42 MP: 6/6
  3514 | D:4      | Upgraded the game from 0.24-a0-290-gbb66a67 to
                  | 0.24-a0-291-g79c1ce7
  3735 | D:5      | Entered Level 5 of the Dungeon
  3742 | D:5      | Reached skill level 5 in Dodging
  3742 | D:5      | Reached XP level 7. HP: 34/46 MP: 7/7
  3850 | D:5      | Found a glowing drain.
  3859 | Sewer    | Entered a sewer
  3990 | Sewer    | Found a white marble altar of Elyvilon.
  4060 | D:5      | HP: 2/46 [something (5)]
  4254 | D:5      | Found an ornate altar of the Wu Jian Council.
  4398 | D:5      | Reached XP level 8. HP: 51/54 MP: 8/8
  4654 | D:7      | Found Eroagum's Elemental Accessories.
  4704 | D:7      | Reached skill level 7 in Long Blades
  4875 | D:7      | Noticed Menkaure
  4883 | D:7      | Killed Menkaure
  4883 | D:7      | Reached skill level 5 in Fighting
  4964 | D:7      | Noticed a hippogriff
  5314 | D:6      | Reached skill level 8 in Long Blades
  5448 | D:6      | Noticed Blork the orc
  5455 | D:6      | Killed Blork the orc
  5459 | D:6      | Reached XP level 9. HP: 38/62 MP: 9/9
  5808 | D:7      | Found a runed translucent gate.
  5808 | D:7      | Found a runed translucent gate.
  5808 | D:7      | Found a runed translucent gate.
  5808 | D:7      | Noticed confidenceinterval's ghost (novice HOFi)
  5808 | D:7      | Noticed a kobold demonologist
  5808 | D:7      | Identified the cursed +0 whip of the Moon {drain, *Rage
                  | rN++ Str+8 Dex-2}
  5893 | D:7      | Reached skill level 9 in Long Blades
  6116 | D:7      | Reached skill level 10 in Long Blades
  6154 | D:7      | Found a staircase to the Ecumenical Temple.
  6165 | Temple   | Entered the Ecumenical Temple
  6290 | D:7      | Got an ivory hunting sling
  6388 | D:7      | Identified the +1 hunting sling "Aczusoic" {venom, rPois
                  | rC++ Dex+3} (You found it on level 7 of the Dungeon)
  6852 | D:7      | Found a white marble altar of Elyvilon.
  6887 | D:7      | Found Olemuv's General Store.
  6891 | D:7      | Found a glowing golden altar of the Shining One.
  6898 | D:7      | Found a blossoming altar of Fedhas.
  6921 | D:7      | Found a basalt altar of Yredelemnul.
  6961 | D:7      | Found a snail-covered altar of Cheibriados.
  6962 | D:7      | Found a hide-covered altar of Uskayaw.
  7287 | D:8      | Reached skill level 5 in Stealth
  7296 | D:8      | Found a burning altar of Makhleb.
  7327 | D:8      | Reached skill level 5 in Shields
  7327 | D:8      | Reached XP level 10. HP: 39/68 MP: 10/10
  7353 | D:8      | Found Qeic's Assorted Antiques.
  7608 | D:7      | Became a worshipper of Cheibriados the Contemplative
  7677 | D:8      | Found a stormy altar of Qazlal.
  7794 | D:8      | Bought a gluggy blue potion for 27 gold pieces
  7794 | D:8      | Bought a brown potion for 27 gold pieces
  7794 | D:8      | Bought a coppery potion for 27 gold pieces
  8149 | D:9      | Reached * piety under Cheibriados
  8748 | D:9      | Reached ** piety under Cheibriados
  8889 | D:10     | Entered Level 10 of the Dungeon
  8913 | D:10     | Reached skill level 1 in Invocations
  9012 | D:10     | Found an ancient bone altar of Kikubaaqudgha.
  9012 | D:10     | Found a staircase to the Lair.
  9122 | D:10     | Reached XP level 11. HP: 61/72 MP: 12/14
  9176 | D:10     | Reached *** piety under Cheibriados
  9246 | D:10     | Noticed a two-headed ogre
  9249 | D:10     | Killed a two-headed ogre
  9249 | D:10     | Reached skill level 5 in Invocations
  9546 | D:10     | Reached skill level 10 in Shields
  9591 | D:10     | Found a staircase to the Orcish Mines.
  9595 | D:10     | Noticed a two-headed ogre
  9603 | D:10     | Killed a two-headed ogre
  9735 | D:10     | Reached skill level 11 in Long Blades
  9743 | D:10     | Reached **** piety under Cheibriados
  9920 | D:10     | Noticed a two-headed ogre
  9926 | D:10     | Killed a two-headed ogre
 10290 | Lair:1   | Entered Level 1 of the Lair of Beasts
 10371 | Lair:1   | Reached skill level 12 in Long Blades
 10638 | Lair:1   | Noticed Prince Ribbit
 10645 | Lair:1   | Killed Prince Ribbit
 10657 | Lair:1   | Reached ***** piety under Cheibriados
 10665 | Lair:1   | Reached XP level 12. HP: 69/79 MP: 16/16
 10693 | Lair:1   | Reached skill level 13 in Long Blades
 10991 | Lair:1   | Noticed Fannar
 11001 | Lair:1   | Killed Fannar
 11236 | Lair:1   | Found a white marble altar of Elyvilon.
 11251 | Lair:1   | Noticed Urug
 11262 | Lair:1   | Killed Urug
 11808 | Lair:1   | Found a transporter.
 11809 | Lair:1   | Identified the +6 trident of Reinforcement {antimagic,
                  | Str+4}
 11809 | Lair:1   | Noticed a spriggan rider
 11813 | Lair:1   | Noticed Ds27's ghost (novice DsGl)
 11816 | Lair:1   | Found a bloodstained altar of Trog.
 11817 | Lair:1   | Identified the cursed +0 lajatang "Aluogati" {elec, SInv}
 11817 | Lair:1   | Noticed a spriggan berserker
 12045 | Lair:1   | Found a transporter.
 12426 | Lair:2   | Noticed a death yak
 12507 | Lair:2   | Reached skill level 14 in Long Blades
 12541 | Lair:2   | Reached skill level 1 in Evocations
 12549 | Lair:2   | HP: 1/79 [death yak[a torpor snail] (26)]
 12553 | Lair:2   | Killed a death yak
 12844 | Lair:2   | Found a staircase to the Shoals.
 13251 | Lair:2   | Found a transporter.
 13318 | Lair:2   | Found a transporter.
 13441 | Lair:2   | Found a hide-covered altar of Uskayaw.
 13459 | Lair:2   | Found a hole to the Spider Nest.
 13876 | Lair:3   | Reached skill level 5 in Evocations
 14054 | Lair:3   | Reached XP level 13. HP: 63/88 MP: 17/17
 15190 | Lair:4   | Reached skill level 10 in Fighting
 16545 | Lair:5   | Found a staircase to the Slime Pits.
 16546 | Lair:5   | Identified a scroll of acquirement
 17374 | Lair:5   | Reached skill level 1 in Slings
 17849 | Lair:6   | Entered Level 6 of the Lair of Beasts
 17866 | Lair:6   | Reached XP level 14. HP: 82/99 MP: 20/20
 18152 | Lair:6   | Reached ****** piety under Cheibriados
 18157 | Lair:6   | Reached skill level 5 in Slings
 20137 | D:11     | Reached skill level 10 in Slings
 20613 | D:11     | Noticed a stone giant
 20622 | D:11     | Killed a stone giant
 20799 | D:11     | Mangled by a wolf spider

Levels and vault maps discovered:
D:1:      minmay_arrival_plants_in_alcoves, layout_basic
D:2:      layout_loops_cross, grunt_temple_overflow_gold_and_silver,
          overflow_temple_1_default, overflow_temple_1_default
D:3:      layout_loops_ring, lemuel_coloured_pillars_altar, first_ration,
          small_statue_intersection, uniq_terence, uniq_jessica
D:4:      layout_gridville
D:5:      layout_loops_ring, lemuel_round_altar, lightli_sewer_entry_pipes
D:6:      layout_rooms, uniq_blork_the_orc
D:7:      layout_basic, kennysheep_ying_yang, nicolae_overflow_hidden_temple,
          minmay_temple_entry_waves, serial_shops, nicolae_shop_crystal,
          gammafunk_ghost_nasty_kobolds, minmay_gold_behind_fungi,
          grunt_livestock, nicolae_elemental_shop,
          chequers_serial_rivers_room_a, uniq_menkaure
D:8:      layout_loops_ring, nicolae_qazlal_general_emergency, serial_shops,
          nicolae_shop_temple_entry_statues_fountains, basic_altar
D:9:      layout_roguey, serial_undead, serial_undead_c, serial_undead_b,
          serial_undead_f, serial_undead_b
D:10:     kennysheep_town
D:11:     minmay_mutant_horseshoe, layout_basic, minivault_28
Temple:   dpeg_three_leaves_temple
Lair:1:   layout_long_grid, basic_altar, gammafunk_ghost_wrathful_warriors,
          minmay_lair_oklob_chamber, serial_bayou_shore_a, uniq_urug,
          uniq_fannar, uniq_prince_ribbit2
Lair:2:   gammafunk_cloud_chamber, layout_regular_city,
          minmay_shoals_entry_beasts, nicolae_spider_entry_tight_spaces,
          basic_altar
Lair:3:   layout_cave_shapes, chequers_serial_rivers_small_a,
          grunt_megastairs_2, infiniplex_staircase_pool_2, lemuel_fruit_tree
Lair:4:   layout_big_grid, grunt_megastairs_4
Lair:5:   layout_layer_cave, minmay_slime_entry_jelly_boxes
Lair:6:   hangedman_lair_tendril_chambers, layout_layer_cave,
          serial_bayou_pond_d

Skill      XL: |  1  2  3  4  5  6  7  8  9 10 11 12 13 14 |
---------------+-------------------------------------------+-----
Long Blades    | 3 4 5 6 8 10 12 14 | 14.0
Dodging        | 5 6 8 9 |  9.8
Fighting       | 6 8 10 | 10.0
Stealth        | 5 6 |  6.0
Shields        | 5 9 10 11 12 | 12.3
Invocations    | 4 6 8 |  8.0
Evocations     | 5 6 |  6.0
Slings         | 2 10 | 10.7

Action                   |  1- 3 |  4- 6 |  7- 9 | 10-12 | 13-15 || total
-------------------------+-------+-------+-------+-------+-------++-------
Melee: Long sword        |    46 |    80 |   251 |    24 |       ||   401
       Tentacles         |    12 |    30 |    53 |   139 |   176 ||   410
       Constrict         |    11 |    29 |    54 |    75 |    58 ||   227
       Scimitar          |       |       |       |   359 |   380 ||   739
 Fire: Hunting sling     |       |       |       |    35 |    88 ||   123
Throw: Stone             |       |       |       |       |     1 ||     1
Invok: Slouch            |       |       |       |     3 |     2 ||     5
Evoke: Wand              |       |       |       |     1 |    12 ||    13
  Use: Scroll            |       |     4 |     7 |    15 |     8 ||    34
       Potion            |       |     1 |     2 |     6 |     4 ||    13
 Stab: Sleeping          |     8 |     5 |     7 |    21 |     8 ||    49
       Distracted        |       |       |     2 |     6 |     1 ||     9
  Eat: Chunk             |     1 |     8 |    11 |    13 |    12 ||    45
Armor: Skin              |     6 |     4 |     9 |     4 |    11 ||    34
Dodge: Dodged            |    26 |    51 |    94 |   150 |   156 ||   477
Block: Shield            |    13 |    37 |    78 |   173 |   192 ||   493
       Rpst.: Long sword |     7 |    18 |    27 |     2 |       ||    54
       Scimitar          |       |       |       |    39 |    36 ||    75

Table legend:
 A = Non-vault XP
 B = Vault XP
 C = Vault XP percentage of total XP
 D = Non-vault monster count
 E = Vault monster count
 F = Vault count percentage of total count
                 A         B        C        D         E       F
            +---------+---------+-------+---------+---------+-------
      Total |   52319 |   32436 |  38.3 |     375 |     154 |  29.1
            +---------+---------+-------+---------+---------+-------
        D:1 |      45 |       0 |   0.0 |      19 |       0 |   0.0
        D:2 |      57 |       0 |   0.0 |      17 |       0 |   0.0
        D:3 |      62 |      73 |  54.1 |      14 |       2 |  12.5
        D:4 |     352 |       0 |   0.0 |      15 |       0 |   0.0
        D:5 |     533 |      60 |  10.1 |      18 |       7 |  28.0
        D:6 |     617 |      94 |  13.2 |      12 |       1 |   7.7
        D:7 |     838 |    1165 |  58.2 |      19 |       6 |  24.0
        D:8 |    1552 |       0 |   0.0 |      33 |       0 |   0.0
        D:9 |    1493 |     125 |   7.7 |      34 |       3 |   8.1
       D:10 |    2034 |    6496 |  76.2 |      19 |      41 |  68.3
       D:11 |    3045 |    3995 |  56.7 |      27 |       7 |  20.6
     Lair:1 |    4347 |    2957 |  40.5 |      22 |       6 |  21.4
     Lair:2 |    4302 |    2151 |  33.3 |      16 |       8 |  33.3
     Lair:3 |    6859 |    1122 |  14.1 |      33 |       2 |   5.7
     Lair:4 |    5730 |    2943 |  33.9 |      22 |      10 |  31.2
     Lair:5 |    7565 |     504 |   6.2 |      20 |      12 |  37.5
     Lair:6 |   12888 |   10637 |  45.2 |      35 |      37 |  51.4
      Sewer |       0 |     114 | 100.0 |       0 |      12 | 100.0
            +---------+---------+-------+---------+---------+-------
